 Dungeon Crawl Stone Soup version 0.28-a0-1567-g1695149f81 (webtiles) character file.

Game seed: 3441693634086788868

125 HallandMoats the Skirmisher (level 4, 0/38 HPs)
             Began as a Demonspawn Fighter on Jan 19, 2022.
             Was a Believer of Dithmenos.
             Slain by a phantom (7 damage)
             ... on level 5 of the Dungeon.
             The game lasted 00:02:23 (1626 turns).

HallandMoats the Skirmisher (Demonspawn Fighter)    Turns: 1626, Time: 00:02:23

Health: 0/38       AC:  8    Str: 18    XL:     4   Next: 82%
Magic:  4/4        EV:  9    Int: 10    God:    Dithmenos [**....]
Gold:   140        SH:  4    Dex: 12    Spells: 3/3 levels left

rFire   . . .      SeeInvis +   a - +2 hand axe (elec)
rCold   . . .      Faith    .   c - +0 buckler
rNeg    . . .      Spirit   .   b - +0 scale mail
rPois   .          Reflect  .   (no helmet)
rElec   .          Harm     .   m - +0 cloak
rCorr   .          Rampage  .   (no gloves)
Will    .....                   (no boots)
Stlth   ..........              (no amulet)
HPRegen 0.12/turn               k - ring of see invisible
MPRegen 0.09/turn               (no ring)

@: wreathed by umbra
A: rugged brown scales 1, powered by death 1
a: Renounce Religion, Shadow Step


You were on level 5 of the Dungeon.
You worshipped Dithmenos.
Dithmenos was pleased with you.
You visited 1 branch of the dungeon, and saw 5 of its levels.

You collected 140 gold pieces.

Inventory:

Hand Weapons
 a - a +2 hand axe of electrocution (weapon)
Armour
 b - a +0 scale mail (worn)
 c - a +0 buckler (worn)
 m - a +0 cloak (worn)
Jewellery
 k - a ring of see invisible (left hand)
 o - an amulet of the acrobat
Scrolls
 e - a scroll of enchant armour {unknown}
 f - 3 scrolls of identify {unknown}
 i - a scroll of summoning {unknown}
 j - a scroll of fear {unknown}
 n - a scroll of teleportation {unknown}
Potions
 d - a potion of heal wounds {unknown}
 g - a potion of ambrosia {unknown}
 h - a potion of invisibility
 l - 2 potions of curing {unknown}


   Skills:
 * Level 4.0 Fighting
 * Level 2.7 Axes
 + Level 3.1 Armour
 + Level 1.2 Dodging
 + Level 3.1 Shields


You had 3 spell levels left.
You didn't know any spells.
Your spell library contained the following spells:

 Spells                   Type           Power      Damage    Failure   Level
 Dazzling Flash           Conj/Hex       0%         N/A       99%         3
 Iskenderun's Mystic Bla  Conj/Tloc      0%         2d3       100%        4
 Starburst                Conj/Fire      0%         6d3       100%        6


Dungeon Overview and Level Annotations

Branches:
Dungeon (5/15)
 Temple: D:4-7

Altars:
Dithmenos
Okawaru


Innate Abilities, Weirdness & Mutations

You are partially covered in rugged brown scales. (AC +1, +3% HP)
You regenerate a little health from kills.


Message History

* * * LOW HITPOINT WARNING * * *
Your life force feels restored.
The ball python hisses angrily.
The necrophage barely misses you.
You climb downwards.
There is a stone staircase leading up here.
Found a scroll labelled APTED SIMPISUT.
You flicker for a moment.
Found a bubbling pink potion.
You flicker back into view.
Found 29 arrows.
A jelly and a hound come into view.
Found a dented brass amulet.
The jelly quivers.
The hound moves out of view.
The jelly barely misses you.
The hound bites you but does no damage. x2
The hound bites you but does no damage.
You see here 29 arrows.
The hound bites you but does no damage. You block the hound's attack.
You block the hound's attack. You block the hound's attack.
The necrophage hits you but does no damage.
The hound barely misses you. The hound bites you.
* * * LOW HITPOINT WARNING * * *
You see here an amulet of the acrobat.
o - an amulet of the acrobat The hound bites you.
* * * LOW HITPOINT WARNING * * *
The necrophage hits you but does no damage.
You block the hound's attack.
You see here 18 gold pieces.
The hound barely misses you. The jelly hits you but does no damage.
The hound bites you but does no damage. The phantom hits you.
* * * LOW HITPOINT WARNING * * *
The phantom blinks!
You blink.
The phantom hits you!
You die...

###.. ...# #.# .
...#####.####.##.#
#.##..........#.##...
#...(...####..!....#
#.##.##.# ##.#.####
#.......# #.# ..
#..W.##.# #.# #
#.#####.## #W#
#...W@Jh.####.##
#.....n..##?...#
##......$##.#.##
#.......##...#
#.......####.#
#.......# #.#
#.......## #.# #
#....?....###<#.#
#.#####.........#


You could see a phantom, a necrophage, a hound and a jelly.

Vanquished Creatures
  Terence (D:2)
  6 gnolls
  A worm (D:2)
  4 ball pythons (D:1)
  2 endoplasms
  2 giant cockroaches (D:1)
  4 goblins (D:1)
  4 hobgoblins
  4 kobolds
  A quokka (D:1)
  A bat (D:1)
  2 frilled lizards
  8 rats
40 creatures vanquished.

Notes
Turn   | Place    | Note
-------+----------+-------------------------------------------
     0 | D:1      | HallandMoats the Demonspawn Fighter began the quest for the
                  | Orb.
     0 | D:1      | Reached XP level 1. HP: 18/18 MP: 1/1
   119 | D:1      | Found a faded altar of an unknown god.
   130 | D:1      | Prayed at the altar of an unknown god.
   130 | D:1      | Became a worshipper of Dithmenos the Shadowed
   130 | D:1      | Reached * piety under Dithmenos
   135 | D:1      | Gained mutation: You are partially covered in rugged brown
                  | scales. (AC +1, +3% HP) [demonic ancestry]
   135 | D:1      | Reached XP level 2. HP: 18/24 MP: 2/2
   775 | D:2      | Noticed Terence
   777 | D:2      | Gained mutation: You regenerate a little health from kills.
                  | [demonic ancestry]
   777 | D:2      | Reached XP level 3. HP: 29/29 MP: 3/3
   780 | D:2      | Reached ** piety under Dithmenos
   782 | D:2      | Killed Terence
   979 | D:2      | Reached skill level 1 in Dodging
   979 | D:2      | Reached XP level 4. HP: 33/38 MP: 4/4
  1255 | D:2      | Found an iron altar of Okawaru.
  1556 | D:3      | You fall into a shaft and drop 2 floors!
  1556 | D:5      | Entered Level 5 of the Dungeon
  1560 | D:5      | Noticed a phantom
  1571 | D:4      | Noticed a necrophage
  1584 | D:4      | Reached skill level 4 in Fighting
  1626 | D:5      | Slain by a phantom

Illustrated notes

Levels and vault maps discovered:
D:1:      ebering_trefoil_twist, layout_basic, chequers_ecumenical_altar_island,
          minmay_misc_feat_diagonals
D:2:      layout_rooms, basic_altar, uniq_terence
D:3:      layout_basic, nicolae_overflow_crystal_walls, serial_glass,
          glass_columns_c, glass_columns_b, glass_columns_b, glass_columns_b,
          glass_columns_a, feat_on_display, uniq_jessica
D:4:      layout_loops_ring, gup_ossuary_entry_pyramid, guppyfry_early_orc_mine,
          uniq_menkaure
D:5:      layout_loops_cross, nicolae_yredelemnul_ghost_church

Skill      XL: |  1  2  3  4 |
---------------+-------------+-----
Axes           | 2 |  2.7
Dodging        | 1 |  1.2
Shields        | 3 |  3.1
Armour         | 3 |  3.1
Fighting       | 4 |  4.0

Action                   |  1- 3 |  4- 6 || total
-------------------------+-------+-------++-------
Melee: War axe           |    52 |       ||    52
       Hand axe          |     3 |    41 ||    44
  Use: Potion            |     1 |     1 ||     2
 Stab: Invisible         |       |     5 ||     5
Armor: Scale mail        |    29 |    19 ||    48
Dodge: Dodged            |    19 |    21 ||    40
Block: Buckler           |    18 |    12 ||    30

Table legend: (Time is in decaauts)
 A = Elapsed time spent in this place.
 B = Non-inter-level travel time spent in this place.
 C = Inter-level travel time spent in this place.
 D = Time resting spent in this place.
 E = Time spent auto-exploring this place.
 F = Levels seen in this place.
 G = Mean time per level.
                   A        B        C        D        E       F      G
               +--------+--------+--------+--------+--------+-----+--------+
         Total |   1665 |   1623 |     42 |      0 |   1295 |   5 |  333.0 |
       Dungeon |   1665 |   1623 |     42 |      0 |   1295 |   5 |  333.0 |
               +--------+--------+--------+--------+--------+-----+--------+

Top non-repeatable levels by time:
     D:1: 802 daAuts
     D:2: 790 daAuts
     D:5: 49 daAuts
     D:4: 23 daAuts
